 Dungeon Crawl Stone Soup version 0.31-a0-455-g1a7b003ef0 (webtiles) character file.

Game seed: 2992570702262402727

136943 CraigForest the Peltast (level 17, -20/135 HPs)
             Began as a Formicid Hunter on Aug 3, 2023.
             Was a High Priest of Elyvilon.
             Demolished by an azure jelly (29 damage)
             ... created by the Royal Jelly
             ... on level 4 of the Pits of Slime.
             The game lasted 02:09:21 (16998 turns).

CraigForest the Peltast (Formicid Hunter)          Turns: 16998, Time: 02:09:22

Health: -20/135    AC: 16    Str: 20 (21) XL:     17   Next: 82%
Magic:  13/26      EV: 15    Int: 11 (12) God:    Elyvilon [*****.]
Gold:   2052       SH: 25    Dex: 23      Spells: 23/23 levels left

rFire   x . .        m - +12 pair of quick blades "Gyre" and "Gimble" {protect}
rCold   . . .        G - +0 kite shield
rNeg    . . .        H - +5 ring mail of the Several Artists {rF- Regen+ rCorr Int+3}
rPois   .            (helmet unavailable)
rElec   .            M - +2 cloak {Will+}
rCorr   +            S - +2 pair of gloves of the Eight Boll Weevils {Contam Will+ Regen+ Str+3}
SInv    +            Q - +0 pair of boots
Will    +++..        I - amulet of reflection
Stlth   ++++++       O - ring of protection from fire
HPRegen 2.02/turn    w - +4 ring of protection
MPRegen 0.20/turn

%: reflection
@: corroded, under a protective aura, studying 2 skills, unable to read
A: permanent stasis, dig shafts and tunnels, antennae 3, four strong arms, large
bone plates 1, deterioration 1, heat vulnerability 1, inability to read after
injury 2
a: Dig, Shaft Self, Renounce Religion, Purification, Heal Other, Heal Self,
Divine Vigour


You were on level 4 of the Pits of Slime.
You worshipped Elyvilon.
Elyvilon was extremely pleased with you.
You visited 4 branches of the dungeon, and saw 25 of its levels.
You also visited: Bailey, Gauntlet and Volcano.

You collected 2325 gold pieces.
You spent 273 gold pieces at shops.

Inventory:

Hand Weapons
 m - the +12 pair of quick blades "Gyre" and "Gimble" (weapon) {protect}
   (You found it on level 2 of the Dungeon)
 x - the +3 trident of Soqij {flame, rC+ Will+ Str+3}
   (You found it on level 4 of the Dungeon)

   Str:       It affects your strength (+3).
   rC:        It protects you from cold.
   Will:      It increases your willpower.
 E - a +1 heavy long sword
 N - a +0 orcbow
Missiles
 i - 17 boomerangs (quivered)
 L - 9 curare-tipped darts
 T - 10 javelins
Armour
 C - a +2 leather armour of cold resistance
 G - a +0 kite shield (worn)
 H - the +5 ring mail of the Several Artists (worn) {rF- Regen+ rCorr Int+3}
   (You found it on level 7 of the Dungeon)

   Int:       It affects your intelligence (+3).
   rF:        It makes you vulnerable to fire.
   Regen:     It increases your rate of health regeneration.
   rCorr:     It protects you from acid and corrosion.
 M - a +2 cloak of willpower (worn)
 Q - a +0 pair of boots (worn)
 S - the +2 pair of gloves of the Eight Boll Weevils (worn) {Contam Will+ Regen+ Str+3}
   (You found it on level 10 of the Dungeon)

   Str:       It affects your strength (+3).
   Contam:    It causes magical contamination when unequipped.
   Regen:     It increases your rate of health regeneration.
   Will:      It increases your willpower.
 Y - the +4 fire dragon scales of Koidism {rF++ rC- Int+4}
   (You found it on level 12 of the Dungeon)

   Int:       It affects your intelligence (+4).
   rF:        It greatly protects you from fire.
   rC:        It makes you vulnerable to cold.
Magical Staves
 V - a staff of poison
Jewellery
 d - the ring "Qiulif" {rN+++ Will+ rCorr Dex-2 Slay+3}
   (You found it in a Gauntlet)

   [ring of resist corrosion]

   Dex:       It affects your dexterity (-2).
   Slay:      It affects your accuracy & damage with ranged weapons and melee
   (+3).
   rN:        It renders you almost immune to negative energy.
   rCorr:     It protects you from acid and corrosion.
   Will:      It increases your willpower.
 g - a +6 ring of strength
 p - a ring of protection from fire
 r - a +6 ring of dexterity
 w - a +4 ring of protection (right hand)
 I - an amulet of reflection (around neck)
 O - a ring of protection from fire (left hand)
 R - the amulet "Ufapp" {Faith Dex+4}
   (You found it in a Gauntlet)

   [amulet of faith]

   It allows you to gain divine favour quickly.
   Dex:       It affects your dexterity (+4).
Talismans
 l - a talisman of death
 z - a dragon-blood talisman
 W - a granite talisman
Wands
 c - a wand of mindburst (12)
 t - a wand of digging (11)
 B - a wand of charming (23)
 F - a wand of quicksilver (21)
 Z - a wand of flame (17)
Scrolls
 a - 2 scrolls of revelation
 b - a scroll of butterflies
 j - 5 scrolls of enchant weapon
 k - 6 scrolls of poison
 n - 2 scrolls of amnesia
 o - 6 scrolls of fog
 y - 5 scrolls of identify
Potions
 e - 7 potions of enlightenment
 f - 3 potions of haste
 h - 6 potions of curing
 q - 7 potions of lignification
 s - 4 potions of might
 u - 4 potions of attraction
 v - 4 potions of heal wounds
 A - 6 potions of ambrosia
 D - 2 potions of berserk rage
 J - 2 potions of mutation
 P - 4 potions of brilliance
 U - 2 potions of cancellation
 X - 2 potions of invisibility
Miscellaneous
 K - a sack of spiders (inert)


   Skills:
 + Level 12.5 Fighting
 - Level 14.0 Short Blades
 - Level 6.0 Ranged Weapons
 - Level 2.3 Throwing
 * Level 11.4 Armour
 - Level 6.0 Dodging
 + Level 14.7 Stealth
 + Level 17.7 Shields
 * Level 3.9 Spellcasting
 * Level 12.3 Poison Magic
 * Level 13.3 Invocations


You had 23 spell levels left.
You didn't know any spells.
Your spell library contained the following spells:

 Spells                   Type           Power      Damage    Failure   Level
 Ignite Poison            Fire/Tmut/Pois 11%        N/A       28%         3
 Kiss of Death            Conj/Necr      8%         2d6       45%         1
 Confusing Touch          Hex            2%         N/A       83%         3
 Frozen Ramparts          Ice            4%         1d1       83%         3
 Inner Flame              Hex/Fire       2%         N/A       83%         3
 Volatile Blastmotes      Fire/Tloc      4%         2d10      83%         3
 Dispel Undead            Necr           2%         3d7       99%         4
 Fulminant Prism          Conj/Hex       1%         3d5       99%         4
 Iskenderun's Mystic Bla  Conj/Tloc      2%         2d3       99%         4
 Petrify                  Tmut/Erth      2%         N/A       99%         4
 Sticky Flame             Conj/Fire      2%         2d3       99%         4
 Fireball                 Conj/Fire      1%         3d3       100%        5
 Iskenderun's Battlesphe  Conj           2%         2d6       100%        5
 Metabolic Englaciation   Hex/Ice        1%         N/A       100%        5
 Yara's Violent Unravell  Hex/Tmut       1%         3d3       100%        5
 Conjure Ball Lightning   Conj/Air       1%         3x3d6     100%        6
 Enfeeble                 Hex            1%         N/A       100%        7
 Orb of Destruction       Conj           1%         9d5       100%        7
 Ignition                 Fire           1%         3d3       100%        8
 Chain Lightning          Conj/Air       1%         3d1       100%        9
 Fire Storm               Conj/Fire      1%         7d1       100%        9
 Shatter                  Erth           1%         3d5*      100%        9


Dungeon Overview and Level Annotations

Branches:
Dungeon (15/15)            Temple (1/1) D:4            Lair (4/5) D:10
  Swamp (0/4) Lair:2        Snake (0/4) Lair:3        Slime (5/5) Lair:4
    Orc (0/2) D:10         Vaults (0/5) D:13         Depths (0/4) D:15
 Bailey (visited)         Volcano (visited)         Gauntlet (visited)

Altars:
Ashenzari
Cheibriados
Dithmenos
Elyvilon
Fedhas
Gozag
Hepliaklqana
Kikubaaqudgha
Makhleb
Nemelex Xobeh
Okawaru
Qazlal
Ru
Sif Muna
Trog
Uskayaw
Vehumet
Wu Jian
Xom
Yredelemnul
Zin
The Shining One
Jiyva

Shops:
D:3 :   D:4 =(=!!

Annotations:
Slime:5 Royal Jelly


Innate Abilities, Weirdness & Mutations

You cannot be hasted, slowed, berserked, paralysed or teleported.
You can dig through walls and to a lower floor.
You have a pair of large antennae on your head. (SInv)
Your four strong arms can wield two-handed weapons with a shield.
You are partially covered in large bone plates. (SH +4)
Your body sometimes deteriorates upon taking damage.
You are vulnerable to heat. (rF-)
You sometimes lose the ability to read scrolls when taking damage.


Message History

That felt strangely unrewarding.
The azure jelly hits you but does no damage.
The azure jelly hits you.
* * * LOW HITPOINT WARNING * * *
The azure jelly freezes you!
* * * LOW HITPOINT WARNING * * *
You block the azure jelly's attack. The azure jelly barely misses you.
You block the acid blob's attack.
Unknown command.
You are healed.
You block the azure jelly's attack.
The azure jelly barely misses you. x2; You block the azure jelly's attack.
The azure jelly hits you but does no damage.
You block the azure jelly's attack. x2
The azure jelly hits you but does no damage.
The acid blob barely misses you.
The azure jelly hits you but does no damage.
The azure jelly misses you. The azure jelly closely misses you.
The azure jelly hits you!
* * * LOW HITPOINT WARNING * * *
Unknown command.
You hit the azure jelly but do no damage. x2
You hit the azure jelly.
You hit the azure jelly but do no damage.
The azure jelly is lightly wounded.
You block the azure jelly's attack. The azure jelly barely misses you.
You block the azure jelly's attack.
The azure jelly hits you but does no damage.
The acid blob hits you!
* * * LOW HITPOINT WARNING * * *
The acid corrodes you!
You are splashed with acid.
You resist.
* * * LOW HITPOINT WARNING * * *
You are healed.
The azure jelly hits you. The azure jelly freezes you!!
* * * LOW HITPOINT WARNING * * *
The azure jelly hits you but does no damage.
You block the azure jelly's attack. The azure jelly hits you!
* * * LOW HITPOINT WARNING * * *
The azure jelly barely misses you. The azure jelly hits you.
* * * LOW HITPOINT WARNING * * *
The azure jelly freezes you!!
You die...

##.......#
#.....#.##
##.......#
###.......##
##..........#
#...........#
##.........##
#.###.#....<...##
#^#....#....J@J.#
......#.......J##
..............##
.#............##
##............#
##.#....#...##
##........##
##......##
#....###


You could see an acid blob and 2 azure jellies.

Vanquished Creatures
  Jorgrun (D:14)
  8 acid blobs
  Frances (D:14)
  Agnes (D:14)
  9 azure jellies
  5 rockslimes
  2 frost giants (D:12)
  A balrug (Gauntlet)
  3 formless jellyfish (Slime:1)
  3 quicksilver oozes
  A minotaur (Gauntlet)
  Snorg (D:14)
  4 great orbs of eyes
  3 fire dragons
  3 hydras
  A vault guard (D:13)
  A rakshasa (D:14)
  An ogre mage (D:15)
  A catoblepas (D:12)
  Erica (Lair:1)
  4 boulder beetles
  7 centaur warriors
  3 death knights (D:14)
  7 two-headed ogres
  2 tengu warriors
  6 death yaks
  2 deep troll earth magi
  10 skeletal warriors
  2 skysharks (Lair:3)
  A fire crab (D:14)
  A glowing orange brain (D:14)
  2 wizards (D:13)
  2 deep elf archers
  An orc knight (Bailey)
  A phantasmal warrior (D:12)
  2 shining eyes
  A wolf spider (D:15)
  4 deep elf pyromancers
  2 necromancers (D:13)
  15 ugly things
  4 lindwurms (Volcano)
  10 manticores
  A salamander (Lair:3)
  A moth of wrath (Gauntlet)
  8 cyclopes
  14 elephants (Lair:3)
  A guardian serpent (shapeshifter) (D:15)
  A molten gargoyle (D:14)
  A smoke demon (Volcano)
  3 black mambas
  An eye of devastation (Slime:1)
  7 cane toads
  2 gargoyles
  An unseen horror (D:11)
  2 freezing wraiths
  4 komodo dragons
  3 rime drakes
  A yaktaur (D:15)
  2 tengu conjurers
  3 trolls
  A queen bee (Lair:3)
  4 meliai
  2 tyrant leeches (Lair:2)
  A hornet (D:9)
  Grinder (D:6)
  A polar bear (Lair:1)
  A tarantella (shapeshifter) (D:13)
  6 dream sheep (Lair:4)
  Prince Ribbit (D:7)
  3 blink frogs (Lair:1)
  55 slime creatures
  A wyvern (D:9)
  3 centaur simulacra
  2 wraiths (D:12)
  Sigmund (D:2)
  2 shadows
  A yak (shapeshifter) (D:15)
  18 humans (D:13)
  Eustachio (D:6)
  3 basilisks
  54 yaks
  7 steam dragons
  A fire elemental (D:14)
  5 golden eyes
  Grum (D:8)
  Menkaure (D:6)
  7 vampire mosquitoes
  2 acid dragons (D:11)
  A warg (D:10)
  2 swamp worms (Lair:2)
  8 water moccasins
  13 orc warriors
  5 hell hounds
  A meliai simulacrum (Gauntlet)
  3 ice beasts (D:6)
  A sky beast (D:7)
  2 black bears (Lair:2)
  23 wolves
  4 ogres
  7 centaurs
  A phantom (D:5)
  2 kobold brigands (D:9)
  18 bullfrogs
  2 gnoll sergeants
  3 scorpions
  A cane toad simulacrum (Gauntlet)
  12 wights
  31 killer bees
  3 howler monkeys
  2 lava snakes (Lair:3)
  2 hounds
  3 jellies
  8 orc priests
  A gnoll bouda (D:7)
  2 sleepcaps
  Crazy Yiuf (D:6)
  6 iguanas
  Ijyb (D:5)
  15 orc wizards
  12 gnolls
  6 adders
  3 shadow imps
  2 white imps (D:6)
  An ufetubus (D:5)
  2 worms
  3 dart slugs
  39 orcs
  5 bats
  12 endoplasms
  3 giant cockroaches
  10 hobgoblins
  11 jackals
  6 quokkas
  5 ball pythons
  2 frilled lizards (D:1)
  18 goblins
  18 kobolds
  9 rats
733 creatures vanquished.

Vanquished Creatures (others)
  A deep elf pyromancer (D:15)
1 creature vanquished.

Grand Total: 734 creatures vanquished

Notes
Turn   | Place    | Note
-------+----------+-------------------------------------------
     0 | D:1      | CraigForest the Formicid Hunter began the quest for the
                  | Orb.
     0 | D:1      | Reached XP level 1. HP: 16/16 MP: 1/1
    72 | D:1      | Reached XP level 2. HP: 8/22 MP: 2/2
   518 | D:1      | Reached skill level 1 in Armour
   518 | D:1      | Reached XP level 3. HP: 27/27 MP: 3/3
  1108 | D:2      | Found the +12 pair of quick blades "Gyre" and "Gimble"
                  | {protect}
  1178 | D:2      | Found a hide-covered altar of Uskayaw.
  1280 | D:2      | Reached XP level 4. HP: 34/34 MP: 4/4
  1297 | D:2      | Noticed Sigmund
  1308 | D:2      | Killed Sigmund
  1309 | D:2      | Reached skill level 5 in Ranged Weapons
  1309 | D:2      | Reached skill level 1 in Throwing
  1309 | D:2      | Reached XP level 5. HP: 30/41 MP: 5/5
  1309 | D:2      | Reached XP level 6. HP: 35/47 MP: 6/6
  2402 | D:3      | Found a faded altar of an unknown god.
  2878 | D:3      | Found Toighuik's Book Shop.
  3080 | D:4      | Identified the +5 sling "Nikullua" {flame, Int+2 Stlth+}
  3091 | D:4      | Found Yxkumey's Distillery.
  3099 | D:4      | Found a staircase to the Ecumenical Temple.
  3110 | Temple   | Entered the Ecumenical Temple
  3234 | Temple   | Became a worshipper of Elyvilon the Healer
  3329 | D:4      | Bought a potion of heal wounds for 65 gold pieces
  3330 | D:4      | Found Baapt's Weapon Shoppe.
  3341 | D:4      | Found Ymnurph's Jewellery Shoppe.
  3350 | D:4      | Found Tedo Ots's Distillery.
  3384 | D:4      | Found a hide-covered altar of Uskayaw.
  3386 | D:4      | Noticed a +0 hand axe
  3386 | D:4      | Noticed a +0 hand axe
  3405 | D:4      | Identified the +3 trident of Soqij {flame, rC+ Will+ Str+3}
  3489 | D:4      | Reached XP level 7. HP: 49/52 MP: 7/7
  3490 | D:4      | Found a snail-covered altar of Cheibriados.
  3668 | D:4      | Found Ihorrof's Jewellery Emporium.
  3689 | D:5      | Entered Level 5 of the Dungeon
  3739 | D:5      | Reached skill level 1 in Invocations
  3884 | D:5      | Reached * piety under Elyvilon
  3911 | D:6      | Reached XP level 8. HP: 55/58 MP: 9/9
  3931 | D:6      | Noticed a two-headed ogre
  3932 | D:6      | Noticed Grinder
  3938 | D:6      | Killed a two-headed ogre
  3939 | D:6      | Reached XP level 9. HP: 39/65 MP: 9/12
  3941 | D:6      | Killed Grinder
  3990 | D:6      | Reached skill level 5 in Invocations
  3998 | D:6      | Reached skill level 1 in Shields
  4134 | D:6      | Found a runed translucent door.
  4135 | D:6      | Noticed Crazy Yiuf
  4139 | D:6      | Killed Crazy Yiuf
  4251 | D:6      | Reached skill level 5 in Short Blades
  4533 | D:5      | Reached skill level 5 in Fighting
  4775 | D:5      | Noticed Ijyb
  4779 | D:5      | Killed Ijyb
  4780 | D:5      | Reached skill level 2 in Shields
  4819 | D:5      | Reached ** piety under Elyvilon
  5199 | D:6      | Noticed Menkaure
  5199 | D:6      | Noticed Eustachio
  5203 | D:6      | Reached XP level 10. HP: 74/74 MP: 14/14
  5203 | D:6      | Killed Menkaure
  5211 | D:6      | Killed Eustachio
  5280 | D:7      | Noticed Prince Ribbit
  5283 | D:7      | Killed Prince Ribbit
  5407 | D:7      | Reached skill level 3 in Shields
  5516 | D:7      | Reached *** piety under Elyvilon
  5534 | D:7      | Identified the +5 ring mail of the Several Artists {rF-
                  | Regen+ rCorr Int+3}
  5574 | D:7      | Found a shadowy altar of Dithmenos.
  5904 | D:8      | Found a flagged portal.
  5912 | Bailey   | Entered a bailey
  5919 | Bailey   | Noticed an orc knight
  6067 | Bailey   | Killed an orc knight
  6068 | Bailey   | Reached skill level 4 in Shields
  6076 | Bailey   | Reached XP level 11. HP: 81/81 MP: 17/17
  6407 | D:8      | Noticed Grum
  6408 | D:8      | Reached **** piety under Elyvilon
  6416 | D:8      | Killed Grum
  6979 | D:4      | Bought 2 potions of mutation for 208 gold pieces
  6979 | D:4      | Gained mutation: You occasionally lose the ability to read
                  | scrolls when taking damage. [potion of mutation]
  6979 | D:4      | Gained mutation: You are partially covered in large bone
                  | plates. (SH +4) [potion of mutation]
  6979 | D:4      | Gained mutation: Your mind is acute. (Int +4, Str/Dex -1)
                  | [potion of mutation]
  7135 | D:9      | Noticed a manticore
  7143 | D:9      | Killed a manticore
  7144 | D:9      | Reached skill level 5 in Shields
  7190 | D:9      | Found a radiant altar of Vehumet.
  7458 | D:9      | Noticed a two-headed ogre
  7460 | D:9      | Killed a two-headed ogre
  7461 | D:9      | Reached skill level 10 in Short Blades
  7618 | D:9      | Reached skill level 6 in Shields
  7654 | D:9      | Reached XP level 12. HP: 91/91 MP: 18/18
  7762 | D:9      | Found a shimmering blue altar of Sif Muna.
  7836 | D:10     | Entered Level 10 of the Dungeon
  7879 | D:10     | Found a glowing silver altar of Zin.
  7884 | D:10     | Reached ***** piety under Elyvilon
  7892 | D:10     | Reached skill level 7 in Shields
  7906 | D:10     | Found a staircase to the Orcish Mines.
  7909 | D:10     | Noticed a tengu warrior
  7922 | D:10     | Killed a tengu warrior
  8074 | D:10     | Identified the +2 pair of gloves of the Eight Boll Weevils
                  | {Contam Will+ Regen+ Str+3}
  8127 | D:10     | Noticed a two-headed ogre
  8128 | D:10     | Noticed a death yak
  8135 | D:10     | Killed a death yak
  8137 | D:10     | Noticed a death yak
  8139 | D:10     | Killed a two-headed ogre
  8140 | D:10     | Noticed a death yak
  8144 | D:10     | Killed a death yak
  8149 | D:10     | Killed a death yak
  8157 | D:10     | Found a staircase to the Lair.
  8741 | D:11     | Reached skill level 5 in Stealth
  9197 | D:12     | Reached skill level 5 in Dodging
  9233 | D:12     | Noticed a boulder beetle
  9233 | D:12     | Noticed a skeletal warrior
  9233 | D:12     | Noticed a frost giant
  9252 | D:12     | Killed a frost giant
  9253 | D:12     | Reached XP level 13. HP: 101/101 MP: 19/19
  9254 | D:12     | Noticed a frost giant
  9254 | D:12     | Noticed a centaur warrior
  9262 | D:12     | Killed a centaur warrior
  9270 | D:12     | Killed a frost giant
  9295 | D:12     | Noticed a catoblepas
  9301 | D:12     | Killed a catoblepas
  9369 | D:12     | Identified the +4 fire dragon scales of Koidism {rF++ rC-
                  | Int+4}
  9442 | D:12     | Reached skill level 10 in Fighting
  9628 | D:12     | Noticed a centaur warrior
  9637 | D:12     | Killed a centaur warrior
  9669 | D:12     | Reached skill level 8 in Shields
 10065 | D:13     | Reached skill level 9 in Shields
 10117 | D:13     | Found a gate to the Vaults.
 10117 | D:13     | Noticed a vault guard
 10126 | D:13     | Reached XP level 14. HP: 111/111 MP: 20/20
 10127 | D:13     | Reached skill level 10 in Shields
 10434 | D:13     | Reached skill level 10 in Stealth
 10846 | D:14     | Noticed Snorg
 10851 | D:14     | Killed Snorg
 10894 | D:14     | Noticed Jorgrun
 10899 | D:14     | Noticed Agnes
 10906 | D:14     | Killed Jorgrun
 10907 | D:14     | Reached skill level 11 in Shields
 10913 | D:14     | Killed Agnes
 10924 | D:14     | Noticed Frances
 10943 | D:14     | Reached skill level 10 in Invocations
 10958 | D:14     | Gained mutation: Your muscles are strong. (Str +4, Int/Dex
                  | -1) [a neqoxec]
 10959 | D:14     | Reached skill level 12 in Shields
 10972 | D:14     | Killed Frances
 10973 | D:14     | Reached XP level 15. HP: 65/116 MP: 22/22
 11046 | D:14     | Reached skill level 13 in Shields
 11101 | D:14     | Reached skill level 14 in Shields
 11357 | D:14     | Reached skill level 1 in Poison Magic
 11490 | D:15     | Entered Level 15 of the Dungeon
 11519 | D:15     | Found a staircase to the Depths.
 11713 | D:15     | Reached skill level 5 in Poison Magic
 11744 | D:15     | Found an iron altar of Okawaru.
 11809 | D:15     | Reached skill level 15 in Shields
 12719 | Lair:1   | Entered Level 1 of the Lair of Beasts
 12759 | Lair:1   | Reached ****** piety under Elyvilon
 12979 | Lair:1   | Reached XP level 16. HP: 124/124 MP: 24/24
 12988 | Lair:1   | Identified the +0 helmet of the Turtle {Rampage rF- rN+++
                  | Stlth-}
 13024 | Lair:1   | Found a gate leading to a gauntlet.
 13035 | Gauntlet | Entered a Gauntlet
 13035 | Gauntlet | Found a transporter.
 13035 | Gauntlet | Found a transporter.
 13037 | Gauntlet | Found a transporter.
 13040 | Gauntlet | Found a transporter.
 13041 | Gauntlet | Found a transporter.
 13041 | Gauntlet | Found a transporter.
 13100 | Gauntlet | Found a transporter.
 13101 | Gauntlet | Found a transporter.
 13104 | Gauntlet | Found a transporter.
 13104 | Gauntlet | Found a transporter.
 13143 | Gauntlet | Identified a scroll of acquirement
 13144 | Gauntlet | Acquired a manual of Armour
 13154 | Gauntlet | Identified the amulet "Ufapp" {Faith Dex+4}
 13168 | Gauntlet | Found a transporter.
 13170 | Gauntlet | Found a transporter.
 13191 | Gauntlet | Identified the ring "Qiulif" {rN+++ Will+ rCorr Dex-2
                  | Slay+3}
 13519 | Lair:1   | Noticed Erica
 13522 | Lair:1   | Killed Erica
 13609 | Lair:2   | Found a staircase to the Swamp.
 14257 | Lair:3   | Reached skill level 16 in Shields
 14367 | Lair:3   | Found a staircase to the Snake Pit.
 14691 | Lair:3   | Found a dark tunnel.
 14698 | Volcano  | Entered a volcano
 15258 | Lair:4   | Reached skill level 10 in Poison Magic
 15602 | Lair:4   | Reached skill level 1 in Spellcasting
 15658 | Lair:4   | Found a stormy altar of Qazlal.
 15732 | Lair:4   | Found a viscous altar of Jiyva.
 15732 | Lair:4   | Found a staircase to the Slime Pits.
 15742 | Slime:1  | Entered Level 1 of the Pits of Slime
 15742 | Slime:1  | Noticed an acid blob
 15745 | Slime:1  | Killed an acid blob
 15746 | Slime:1  | Reached skill level 10 in Armour
 15746 | Slime:1  | Reached XP level 17. HP: 133/133 MP: 26/26
 16147 | Slime:2  | Reached skill level 17 in Shields
 16176 | Slime:2  | Noticed an acid blob
 16191 | Slime:2  | Killed an acid blob
 16654 | Slime:5  | Entered Level 5 of the Pits of Slime
 16672 | Slime:5  | Noticed an acid blob
 16682 | Slime:5  | Killed an acid blob
 16814 | Slime:5  | Noticed the Royal Jelly
 16815 | Slime:5  | Found a viscous altar of Jiyva.
 16815 | Slime:5  | Noticed an acid blob
 16818 | Slime:5  | Noticed an acid blob
 16818 | Slime:5  | Noticed an acid blob
 16819 | Slime:5  | Noticed an acid blob
 16843 | Slime:5  | Killed an acid blob
 16849 | Slime:5  | Killed an acid blob
 16881 | Slime:5  | Killed an acid blob
 16890 | Slime:5  | Noticed an acid blob
 16910 | Slime:5  | Killed an acid blob
 16917 | Slime:4  | Gained mutation: You are vulnerable to heat. (rF-) [a
                  | shining eye]
 16920 | Slime:4  | Gained mutation: You sometimes lose the ability to read
                  | scrolls when taking damage. [a shining eye]
 16922 | Slime:4  | Lost mutation: Your mind is acute. (Int +4, Str/Dex -1) [a
                  | shining eye]
 16924 | Slime:4  | Gained mutation: Your body sometimes deteriorates upon
                  | taking damage. [a shining eye]
 16929 | Slime:4  | Lost mutation: Your muscles are strong. (Str +4, Int/Dex
                  | -1) [a shining eye]
 16976 | Slime:5  | Noticed an acid blob
 16977 | Slime:5  | Noticed an acid blob
 16978 | Slime:5  | Noticed an acid blob
 16989 | Slime:4  | HP: 2/135 [acid blob[the Royal Jelly] (9)]
 16989 | Slime:4  | Elyvilon protects you from harm!
 16995 | Slime:4  | Killed an acid blob
 16998 | Slime:4  | Demolished by an azure jelly

Illustrated notes

Levels and vault maps discovered:
D:1:      amcnicky_arrival_feature_with_door, layout_basic
D:2:      layout_loops_ring, basic_altar, uniq_sigmund
D:3:      layout_basic, ebering_ecumenical_altar_mist, serial_shops,
          nicolae_shop_just_a_little_nook
D:4:      layout_rooms, dancing_weapons_uskayaw, minmay_temple_entry_trees,
          serial_shops, shop, shop, nicolae_shop_tiny_statue_garden, shop,
          nicolae_shop_crystal, corexii_shack, minmay_ruined_shrine
D:5:      layout_layer_cave, uniq_ijyb
D:6:      layout_rooms, uniq_grinder, uniq_menkaure, uniq_crazy_yiuf_cottage,
          uniq_eustachio
D:7:      layout_cave_pools, grunt_dithmenos_shadows, uniq_prince_ribbit1
D:8:      layout_basic, enter_bailey_3, uniq_grum
D:9:      nicolae_cairo_tiling, layout_gridville,
          mainiacjoe_overflow_catwalk_spiral, minmay_joined_circles
D:10:     layout_loops_ring, zin_statuary, dpeg_lair_monsters, erik_orc_3
D:11:     layout_basic
D:12:     layout_roguey, minmay_checkered_concentric_circles
D:13:     layout_gridville, grunt_vaults_entry_tiered, minmay_tree_intersection
D:14:     layout_loops_cross, kennysheep_decorative_pillar, minivault_28,
          uniq_snorg, uniq_jorgrun, uniq_frances, uniq_agnes
D:15:     hellmonk_depths_entry_around_the_bend, layout_grid_maze,
          minmay_misc_feat_tiny, okawaru_altar_gauntlet_db
Temple:   minmay_crystal_spiral_temple
Lair:1:   layout_big_grid, gauntlet_entry_generic,
          chequers_serial_rivers_large_b, serial_bayou_shore_b, uniq_erica
Lair:2:   layout_cave_shapes, minmay_swamp_entry_worms
Lair:3:   layout_cave_shapes, nicolae_snake_entry_warm_welcome, enter_volcano_2,
          special_room [special_room_bee], grunt_megastairs_2,
          serial_bayou_shore_b, serial_bayou_shore_b
Lair:4:   layout_regular_city, dpeg_slime_entry_enclosed, basic_altar,
          grunt_megastairs_1
Slime:1:  cheibrodos_slime_lost_civilization_9, layout_caves
Slime:2:  layout_caves, nicolae_slime_getting_an_eyeful
Slime:3:  layout_caves, cheibrodos_slime_lost_civilization_5
Slime:4:  layout_caves
Slime:5:  slime_pit

Skill      XL: |  1  2  3  4  5  6  7  8  9 10 11 12 13 14 15 16 17 |
---------------+----------------------------------------------------+-----
Armour         | 1 2 3 4 6 7 8 10 11 | 11.4
Fighting       | 3 4 5 7 9 10 12 | 12.5
Short Blades   | 2 3 5 8 10 13 14 | 14.0
Ranged Weapons | 5 6 |  6.0
Throwing       | 1 2 |  2.3
Dodging        | 2 3 4 5 6 |  6.0
Invocations    | 2 4 6 8 10 11 12 13 | 13.3
Shields        | 2 4 6 7 9 12 15 16 17 | 17.7
Stealth        | 2 3 5 7 12 13 14 | 14.7
Poison Magic   | 7 10 12 | 12.3
Spellcasting   | 1 3 |  3.9

Action                     |  1- 3 |  4- 6 |  7- 9 | 10-12 | 13-15 | 16-18 || total
---------------------------+-------+-------+-------+-------+-------+-------++-------
  Melee: Pair of quick bla |    19 |    75 |   207 |   930 |  1762 |  1957 ||  4950
   Fire: Shortbow          |    67 |       |       |       |       |       ||    67
         Sling             |       |       |    20 |       |       |       ||    20
  Throw: Dart              |       |     7 |       |       |       |       ||     7
         Boomerang         |       |    47 |    10 |    29 |     6 |     3 ||    95
 Invoke: Heal Self         |       |       |       |       |     5 |    17 ||    22
         Divine Vigour     |       |       |       |       |       |     1 ||     1
Ability: Dig               |       |       |       |     1 |       |       ||     1
  Evoke: Wand              |       |       |       |       |       |     2 ||     2
    Use: Scroll            |       |     9 |     1 |     5 |     4 |     5 ||    24
         Potion            |       |       |       |     1 |       |       ||     1
   Stab: Sleeping          |     1 |       |       |     6 |    13 |    28 ||    48
         Distracted        |       |       |       |       |     1 |     2 ||     3
 Armour: Leather armour    |    13 |       |       |       |       |       ||    13
         Chain mail        |     5 |    11 |    23 |    28 |       |       ||    67
         Ring mail         |       |       |       |    67 |   200 |   190 ||   457
         Fire dragon scale |       |       |       |       |       |    11 ||    11
  Dodge: Dodged            |    38 |    14 |    30 |    88 |   160 |   176 ||   506
  Block: Buckler           |       |       |    12 |    18 |       |       ||    30
         Kite shield       |       |       |       |   198 |   520 |   540 ||  1258
         Reflection        |       |       |       |    12 |    27 |     8 ||    47

Table legend: (Time is in decaauts)
 A = Elapsed time spent in this place.
 B = Non-inter-level travel time spent in this place.
 C = Inter-level travel time spent in this place.
 D = Time resting spent in this place.
 E = Time spent auto-exploring this place.
 F = Levels seen in this place.
 G = Mean time per level.
                   A        B        C        D        E       F      G
               +--------+--------+--------+--------+--------+-----+--------+
         Total |  16584 |  15553 |   1031 |    868 |   7560 |  28 |  592.3 |
       Dungeon |  11916 |  11024 |    892 |    453 |   6042 |  15 |  794.4 |
        Temple |    183 |    183 |      0 |      0 |      0 |   1 |  183.0 |
          Lair |   2369 |   2240 |    129 |      0 |   1315 |   4 |  592.2 |
    Slime Pits |   1135 |   1126 |      9 |    415 |      7 |   5 |  227.0 |
        Bailey |    450 |    450 |      0 |      0 |    100 |   1 |  450.0 |
       Volcano |    277 |    277 |      0 |      0 |     89 |   1 |  277.0 |
      Gauntlet |    251 |    251 |      0 |      0 |      6 |   1 |  251.0 |
               +--------+--------+--------+--------+--------+-----+--------+

Top non-repeatable levels by time:
     D:3: 1219 daAuts
     D:1: 1122 daAuts
     D:5: 1103 daAuts
    D:15: 853 daAuts
    D:12: 815 daAuts
    D:10: 773 daAuts
     D:9: 769 daAuts
     D:8: 763 daAuts
     D:2: 762 daAuts
    D:13: 741 daAuts
     D:6: 678 daAuts
    D:14: 643 daAuts
  Lair:1: 614 daAuts
  Lair:3: 609 daAuts
  Lair:4: 605 daAuts
